 Dungeon Crawl Stone Soup version 0.19-a0-1740-g0bcaf2e (webtiles) character file.

1866 gottagoquickly the Cleaver (level 8, -7/74 HPs)
             Began as a Minotaur Berserker on Oct 1, 2016.
             Was a Believer of Trog.
             Mangled by a hill giant
             ... wielding a +0 giant club
              (19 damage)
             ... on level 10 of the Dungeon.
             The game lasted 00:08:01 (1414 turns).

gottagoquickly the Cleaver (Minotaur Berserker)     Turns: 1414, Time: 00:08:03

Health: -7/74      AC: 11    Str: 22    XL:     8   Next: 90%
Magic:  7/7        EV:  9    Int:  5    God:    Trog [**....]
Gold:   56         SH:  0    Dex: 11    Spells: 0 memorised, 7 levels left

rFire  . . .     SeeInvis .     a - +0 hand axe
rCold  + . .     Gourm    .     k - +1 chain mail {rC+}
rNeg   . . .     Faith    .     (no shield)
rPois  .         Spirit   .     (helmet restricted)
rElec  .         Dismiss  .     (no cloak)
rCorr  .         Reflect  .     (no gloves)
MR     ++...     Harm     .     (no boots)
Stlth  ..........               (no amulet)
                                (no ring)
                                (no ring)

@: exhausted, regenerating, hasted and slowed
A: retaliatory headbutt, horns 2
a: Berserk, Trog's Hand, Burn Spellbooks, Renounce Religion


You were on level 10 of the Dungeon.
You worshipped Trog.
Trog was pleased with you.
You were hungry.

You visited 1 branch of the dungeon, and saw 10 of its levels.

You collected 144 gold pieces.
You spent 88 gold pieces at shops.

Inventory:

Hand Weapons
 a - a +0 hand axe (weapon)
Missiles
 n - 11 tomahawks (quivered)
Armour
 b - a +0 animal skin
 h - a +0 leather armour
 i - a +0 plate armour
 k - a +1 chain mail of cold resistance (worn)
 o - a +0 scale mail
Scrolls
 c - a scroll of teleportation
 m - 3 scrolls of identify
 s - a scroll of enchant armour {unknown}
Potions
 e - 4 potions of curing
 f - a potion of cure mutation {!q}
 g - a potion of flight
 l - a potion of brilliance
Comestibles
 d - 4 bread rations
 j - 4 meat rations
 q - 7 chunks of flesh


   Skills:
 + Level 8.0 Fighting
 * Level 10.8 Axes
 + Level 6.1 Armour
 - Level 2.1 Dodging


You had 7 spell levels left.
You didn't know any spells.

Dungeon Overview and Level Annotations

Branches:
Dungeon (10/15)
 Temple: D:4-7         Lair: D:8-11         Orc: D:9-12

Altars:
Dithmenos
Gozag
Xom

Shops:
D:6 *

Annotations:
D:2 Sigmund
D:4 Dowan, Duvessa


Innate Abilities, Weirdness & Mutations

You reflexively headbutt those who attack you in melee.
You have a pair of horns on your head.


Message History

Unknown command.
You slash the hill giant!
The hill giant is lightly wounded.
You are no longer berserk.
You are exhausted.
You feel yourself slow down.
You are feeling hungry.
Unknown command.
You hit the hill giant.
The hill giant is lightly wounded.
The hill giant hits you but does no damage.
Unknown command.
You hit the hill giant.
The hill giant is moderately wounded.
The hill giant hits you with a giant club!!
* * * LOW HITPOINT WARNING * * *
Unknown command.
You feel yourself speed up.
The hill giant hits you with a giant club!!
You die...

. ###+#### ..
#......# ...
#......# ....
#####......# ?....
#...'......#
.....Z##.###......#
.....aC@.# #......#
.....J####
#......#### .....
#......'<.# ....
#......##.+ ...
#......# ## ..
#......# # #......#
########


You could see a hill giant, a jelly, a worker ant and a centaur skeleton.

Vanquished Creatures
  Harold (D:10)
  An ice beast (D:9)
  A slave (D:6)
  A phantom (D:4)
  3 ogres
  3 centaurs
  2 bullfrogs (D:6)
  A crimson imp (D:8)
  An orc priest (D:9)
  2 hounds
  2 orc wizards
  A centaur skeleton (D:6)
  An iguana (D:6)
  2 bullfrog skeletons (D:6)
  2 worker ants (D:6)
  2 adders
  An ooze (D:2)
  3 worms
  A leopard gecko (D:3)
  8 orcs
  2 giant cockroaches
  2 goblins
  2 hobgoblins
  2 jackals (D:3)
  A quokka (D:9)
  2 frilled lizards
  2 kobolds (D:3)
  A leopard gecko skeleton (D:6)
  3 rats
56 creatures vanquished.

Notes
Turn   | Place    | Note
-------+----------+-------------------------------------------
     0 | D:1      | gottagoquickly the Minotaur Berserker began the quest for the Orb.
     0 | D:1      | Reached XP level 1. HP: 19/19 MP: 0/0
    98 | D:2      | Found a shimmering altar of Xom.
   117 | D:2      | Found a shimmering altar of Xom.
   117 | D:2      | Found a shimmering altar of Xom.
   174 | D:3      | Reached skill level 4 in Axes
   192 | D:3      | Reached XP level 2. HP: 12/27 MP: 1/1
   245 | D:3      | Reached skill level 4 in Fighting
   302 | D:4      | Noticed Duvessa
   303 | D:4      | Noticed Dowan
   303 | D:4      | Noticed a phantom
   313 | D:3      | Noticed an ogre
   319 | D:3      | Killed an ogre
   319 | D:3      | Reached skill level 5 in Axes
   319 | D:3      | Reached XP level 3. HP: 29/34 MP: 2/2
   319 | D:3      | Reached XP level 4. HP: 35/41 MP: 3/3
   428 | D:2      | Noticed Sigmund
   535 | D:3      | Reached ** piety under Trog
   556 | D:4      | Noticed an ogre
   560 | D:4      | Killed an ogre
   560 | D:4      | Reached skill level 5 in Fighting
   560 | D:4      | Reached skill level 6 in Axes
   560 | D:4      | Reached XP level 5. HP: 42/48 MP: 4/4
   632 | D:4      | Killed a phantom
   632 | D:4      | Reached skill level 7 in Axes
   632 | D:4      | Reached XP level 6. HP: 56/56 MP: 5/5
   654 | D:5      | Entered Level 5 of the Dungeon
   794 | D:6      | Found an opulent altar of Gozag.
   817 | D:6      | Found Seofem's General Store.
   821 | D:6      | Bought a potion of curing for 33 gold pieces
   821 | D:6      | Bought a potion of curing for 33 gold pieces
   821 | D:6      | Bought a scroll of identify for 22 gold pieces
   899 | D:6      | Reached skill level 6 in Fighting
   899 | D:6      | Reached skill level 3 in Armour
   912 | D:6      | Reached skill level 8 in Axes
   912 | D:6      | Reached XP level 7. HP: 63/63 MP: 6/6
  1052 | D:6      | Reached skill level 4 in Armour
  1145 | D:7      | Found a shadowy altar of Dithmenos.
  1273 | D:9      | Reached skill level 9 in Axes
  1276 | D:9      | Reached XP level 8. HP: 38/71 MP: 7/7
  1309 | D:9      | Reached skill level 7 in Fighting
  1378 | D:10     | Entered Level 10 of the Dungeon
  1384 | D:10     | Reached skill level 5 in Armour
  1397 | D:10     | Noticed Harold
  1397 | D:10     | Noticed a hill giant
  1409 | D:10     | Killed Harold
  1409 | D:10     | Reached skill level 8 in Fighting
  1409 | D:10     | Reached skill level 10 in Axes
  1409 | D:10     | Reached skill level 6 in Armour
  1414 | D:10     | Mangled by a hill giant

Vault maps used:
D:1:      dpeg_arrival_renting
D:2:      gammafunk_temple_overflow_claw, xom_redecorated, uniq_terence,
          uniq_sigmund
D:3:      serial_co_window_serial, co_window_paths_b, co_window_paths_a,
          co_window_paths_a, co_window_paths_b, co_window_cross_1,
          co_window_2corner, co_window_2corner, co_window_unsneaky_path_d,
          co_window_broadway_b, co_window_2corner, co_window_unsneaky_path_e,
          co_window_corner_b, glass_columns_a, glass_columns_a, glass_columns_b,
          glass_columns_b, glass_columns_a, uniq_crazy_yiuf_cottage
D:4:      first_bread, trog_hazing_becter, uniq_purgy, uniq_duvessa
D:6:      overflow_temple_1_default, serial_shops, shop, uniq_pikel
D:7:      lemuel_ratsnest, nicolae_overflow_crystal_walls
D:9:      fedhas_altar_2, demons_altar, erik_lair_dragon, blue_anna_alchemist
D:10:     item_on_display_b, uniq_snorg, uniq_joseph, uniq_harold, uniq_erolcha

Skill      XL: |  1  2  3  4  5  6  7  8 |
---------------+-------------------------+-----
Axes           | 4 5 6 7 8 9 10 | 10.8
Fighting       | 4 5 6 8 |  8.0
Armour         | 3 4 6 |  6.1
Dodging        | |  2.1

Action                   |  1- 3 |  4- 6 |  7- 9 || total
-------------------------+-------+-------+-------++-------
Melee: Hand axe          |    34 |    58 |    87 ||   179
       Headbutt          |     4 |    12 |    21 ||    37
Invok: Berserk           |     2 |     4 |     4 ||    10
       Trog's Hand       |       |       |     2 ||     2
  Use: Scroll            |       |     4 |     5 ||     9
       Potion            |       |     1 |     1 ||     2
  Eat: Chunk             |       |     5 |     7 ||    12
Armor: Leather armour    |     7 |       |       ||     7
       Animal skin       |     2 |       |       ||     2
       Scale mail        |       |    21 |     6 ||    27
       Chain mail        |       |       |    32 ||    32
Dodge: Dodged            |    19 |    24 |    35 ||    78
